[Event "Late-Titled-Tuesday-Blitz-March-05-2024"]
[Site "Chess.com"]
[Date "2024.03.05"]
[Round "4"]
[White "yuriydovzik"]
[Black "Englishman_18"]
[Result "0-1"]
[WhiteElo "2070"]
[BlackElo "2294"]
[TimeControl "180+1"]
[EndTime "14:40:10 PST"]
[Termination "Englishman_18 won on time"]

1. b3 d5 2. Bb2 Nf6 3. g3 g6 4. Bg2 Bg7 5. Nf3 O-O 6. O-O c5 7. e3 Nc6 8. d4 b6 9. Ne5 Qc7 10. f4 e6 11. Nd2 Ne7 12. c3 Nf5 13.
Re1 Nd6 14. Rc1 Bb7 15. c4 Rfd8 16. cxd5 exd5 17. dxc5 bxc5 18. Bd4 Nfe4 19. Nxe4 Nxe4 20. Bxe4 dxe4 21. Rxc5 Qxc5 22. Bxc5 Rxd1 23. Rxd1 Bxe5 24. fxe5 Rc8 25. Be7 a5 26. Bf6 Ba6 27. Rd5 a4 28. bxa4 Bc4 29. Rd4 Bxa2 30. Rxe4 Rc1+ 31. Kf2 Rc2+ 32.
Ke1 h6 33. Rb4 Rc8 34. h4 Kh7 35. a5 Bd5 36. e4 Be6 37. a6 Ra8 38. Ra4 Ra7 39. Ra5 Bc8 40. Bd8 Rxa6 41. Rc5 Ra1+ 42. Kd2 Be6 43. Bf6 g5 44. h5 Ra2+ 45. Ke3 Ra3+ 46.
Kf2 Ra2+ 47. Ke1 Ra1+ 48. Kd2 Ra2+ 49. Kc3 Ra1 50. Rb5 Ra8 51. Rb7 Kg8 52. Kd4 Bg4 0-1

[Event "Late-Titled-Tuesday-Blitz-March-05-2024"]
[Site "Chess.com"]
[Date "2024.03.05"]
[Round "4"]
[White "TheMagician"]
[Black "SmirnovTimofey2000"]
[Result "1-0"]
[WhiteElo "2214"]
[BlackElo "1968"]
[TimeControl "180+1"]
[EndTime "14:40:10 PST"]
[Termination "TheMagician won on time"]

1. d4 d5 2. Nf3 Nf6 3. c4 c6 4. e3 Bf5 5. Qb3 Qb6 6. Nc3 e6 7. c5 Qc7 8. Bd2 Be7 9. Nh4 Bg6 10. Nxg6 hxg6 11. h3 Nbd7 12. f4 Nh5 13. O-O-O Ng3 14. Rg1 Nxf1 15. Rdxf1 b6 16. cxb6 Nxb6 17. Na4 O-O 18.
Ba5 c5 19. dxc5 Bxc5 20. Nxc5 Qxc5+ 21. Qc3 Rfc8 22. Qxc5 Rxc5+ 23. Bc3 Na4 24. Kd2 Nxc3 25. bxc3 Rb8 26. Rb1 Rcb5 27. Rxb5 Rxb5 28. Kc2 Kf8 29. a4 Rc5 30. Rb1 Ke7 31. Rb7+ Kf6 32. Rxa7 g5 33.
fxg5+ Kxg5 34. Rxf7 Kg6 35. Rf1 Ra5 36. Ra1 Kf5 37.
Kb3 Ke4 38. Kb4 Ra8 39. a5 Kxe3 40. Re1+ Kf2 41. Rxe6 Kxg2 42. Rg6+ Kxh3 43. Rxg7 Kh4 44. Rd7 Kg5 45. Rxd5+ Kf6 46. c4 Ke6 47. Rb5 Kd6 48.
Rb6+ Kc7 49. Kb5 Rd8 50. a6 Rd1 51. Rb7+ Kc8 52. Rh7 Rb1+ 53. Kc6 Kb8 54. c5 Rg1 55. Kb6 Rg6+ 56. c6 Rg8 57. Ra7 Rf8 58. c7+ 1-0

[Event "Late-Titled-Tuesday-Blitz-March-05-2024"]
[Site "Chess.com"]
[Date "2024.03.05"]
[Round "4"]
[White "ckgchess"]
[Black "rychessmaster1"]
[Result "0-1"]
[WhiteElo "2913"]
[BlackElo "2731"]
[TimeControl "180+1"]
[EndTime "14:40:14 PST"]
[Termination "rychessmaster1 won by resignation"]

1. e4 e5 2. Nf3 Nc6 3. Bc4 Bc5 4. c3 Nf6 5. d4 exd4 6. cxd4 Bb4+ 7. Nbd2 d5 8. exd5 Qe7+ 9. Be2 Nxd5 10. O-O O-O 11. Re1 Bg4 12. a3 Bxd2 13. Bxd2 Qf6 14.
Bc3 Rad8 15. h3 Bh5 16. Qd2 h6 17. Nh2 Bxe2 18. Rxe2 Rfe8 19. Rae1 Rxe2 20. Rxe2 Qf4 21. Qe1 Nf6 22. Nf3 a6 23. Re3 Qf5 24. Ne5 Nxd4 25. Bxd4 Rxd4 26. Nf3 Rd6 27. Qc3 Qf4 28. Re1 Rc6 29.
Qb3 Rb6 30. Qc3 Qd6 31. Ne5 Rb5 32. a4 Rd5 33. Nc4 Qc5 34. Qb3 b5 35. axb5 axb5 36. Ne3 Rd2 37. Qa2 g6 38. Qa8+ Kg7 39. Qf3 Rxb2 40.
Rd1 Qe5 41. Rc1 c5 42. Qc6 c4 43. Qb7 Qf4 44. Rf1 c3 45. g3 Qd4 46. Qc6 b4 47. Nc4 Re2 48. Nd6 c2 49. Qc7 Qd5 50. Qd8 b3 51.
Qb6 b2 52. Qxb2 Qxd6 53. Rc1 Qd2 54. Rf1 Re1 55. Qb5 Rxf1+ 56. Qxf1 c1=Q 57. Qxc1 Qxc1+ 58. Kg2 Qc6+ 59. Kg1 Qf3 60. h4 Ne4 61. h5 Qxf2+ 0-1

[Event "Late-Titled-Tuesday-Blitz-March-05-2024"]
[Site "Chess.com"]
[Date "2024.03.05"]
[Round "4"]
[White "FabianoCaruana"]
[Black "Miguelito"]
[Result "1-0"]
[WhiteElo "3055"]
[BlackElo "2798"]
[TimeControl "180+1"]
[EndTime "14:40:14 PST"]
[Termination "FabianoCaruana won by resignation"]

1. c4 c6 2. Nf3 d5 3. e3 Nf6 4.
Nc3 a6 5. b3 Bf5 6. Bb2 e6 7. Be2 Nbd7 8. Nh4 Bg6 9. O-O Bd6 10.
g3 Qe7 11. d3 Ba3 12. Bxa3 Qxa3 13. Qd2 O-O 14. Nxg6 hxg6 15. d4 a5 16. Rab1 Qe7 17.
Bf3 Rfd8 18. Rfc1 Qb4 19. Qe2 Qe7 20. h4 Nb6 21. Na4 Nbd7 22. Bg2 e5 23. cxd5 Nxd5 24. Bxd5 cxd5 25. Qb5 exd4 26. exd4 Nf6 27. Re1 Ne4 28. Nc5 Qf6 29. Nxe4 dxe4 30. Rxe4 Rxd4 31. Rxd4 Qxd4 32.
Qxb7 Re8 33. Qf3 Qd2 34. a4 Re2 35. Kg2 Qc2 36. Rh1 Rd2 37. Re1 Qd3 38. Re8+ Kh7 39. Qxf7 Qd5+ 40. Qxd5 Rxd5 41. Rb8 Rd3 42. Rb5 Kh6 43. f4 Rc3 44. Kh3 Rd3 45. Kg4 Rc3 46. Rxa5 Rxb3 47. Ra8 Kh7 48. a5 Rc3 49. a6 Ra3 50. a7 Ra5 51. Kf3 Ra3+ 52. Ke4 Ra1 53. g4 Re1+ 54. Kd3 Rd1+ 55. Ke2 Ra1 56. h5 gxh5 57. gxh5 Ra2+ 58. Kd3 Ra3+ 59. Kc2 Ra6 60. f5 Ra5 61. h6 Ra6 62. hxg7 Kxg7 63. f6+ Kf7 64. Rh8 1-0

[Event "Late-Titled-Tuesday-Blitz-March-05-2024"]
[Site "Chess.com"]
[Date "2024.03.05"]
[Round "4"]
[White "jlf287"]
[Black "carloseduar100"]
[Result "1-0"]
[WhiteElo "2523"]
[BlackElo "2358"]
[TimeControl "180+1"]
[EndTime "14:40:15 PST"]
[Termination "jlf287 won by checkmate"]

1. d4 d5 2. c4 e5 3. dxe5 d4 4. Nf3 Nc6 5. a3 Nge7 6. b4 Ng6 7. b5 Ncxe5 8. Nxd4 Nxc4 9. e3 Nd6 10. Be2 Bd7 11. O-O Be7 12. Bb2 O-O 13. Nd2 Bf6 14. Qc2 Re8 15. Rac1 Rc8 16. a4 Qe7 17. Bf3 c5 18. bxc6 bxc6 19. Qc5 Nh4 20. Ba3 Be5 21. g3 Nhf5 22. Nxf5 Nxf5 23. Qxe7 Nxe7 24. Nc4 Bc7 25. Bc5 Bb8 26. Rfd1 Be6 27. e4 Ng6 28. Nd6 Ne5 29. Be2 Bxd6 30. Bxd6 Nd7 31. a5 c5 32. Bb5 c4 33.
Bf4 Re7 34. Bd6 Ree8 35. Bf4 Re7 36. Be3 h6 37. f4 f5 38. e5 Rf7 39. Rd6 Re7 40.
Rxe6 Rxe6 41. Bxd7 Rec6 42. Bxa7 c3 43. Kf2 R6c7 44.
Bxc8 Rxc8 45. Ke3 Kf7 46. Bb6 Ke6 47. Kd3 g5 48. Rxc3 Rg8 49. Rc6+ Kd7 50. Rd6+ Ke7 51.
Rxh6 gxf4 52. gxf4 Rg2 53. Bc5+ Kd7 54. Kc4 Rc2+ 55.
Kd5 Rd2+ 56. Bd4 Kc7 57. Rh7+ Kb8 58. a6 Ka8 59. Rh8# 1-0

[Event "Late-Titled-Tuesday-Blitz-March-05-2024"]
[Site "Chess.com"]
[Date "2024.03.05"]
[Round "4"]
[White "Mr_Heisenberg13"]
[Black "FairChess_on_YouTube"]
[Result "1-0"]
[WhiteElo "2835"]
[BlackElo "3088"]
[TimeControl "180+1"]
[EndTime "14:40:19 PST"]
[Termination "Mr_Heisenberg13 won by checkmate"]

1. d4 Nf6 2. c4 e6 3. Nf3 b6 4. g3 Bb7 5. Bg2 g6 6. O-O Bg7 7. Nc3 Ne4 8. Qc2 Nxc3 9. Qxc3 O-O 10. Rd1 c5 11. Qc2 cxd4 12. Nxd4 Bxg2 13. Kxg2 Qc8 14. Be3 Nc6 15. Rac1 Ne5 16. Nb5 Qc6+ 17. Kg1 d5 18. Na3 dxc4 19. Nxc4 Rac8 20. b3 b5 21. Na3 Qa6 22. Bc5 b4 23. Nb1 h5 24. a4 Rc6 25.
Qd2 Rfc8 26. Be3 Rxc1 27. Rxc1 Rxc1+ 28. Qxc1 Qxe2 29. Nd2 a5 30. h3 h4 31. Qf1 Qxf1+ 32. Kxf1 hxg3 33. fxg3 Nc6 34. Nc4 Be5 35. Bb6 Bxg3 36.
Nxa5 Nb8 37. Nb7 Kf8 38. a5 Ke8 39. Nc5 Bd6 40. a6 Nxa6 41. Nxa6 f5 42. Bc5 Be5 43. Nxb4 g5 44. Nd3 Bc7 45. b4 e5 46. b5 e4 47. Nb4 g4 48. Nd5 Bd8 49. hxg4 fxg4 50. Ne3 Kd7 51. Nxg4 Ke6 52. Ne3 Bc7 53. Ke2 Ke5 54. Kd2 Ke6 55. Kc3 Kd7 56. Kc4 Kc8 57. Kd5 Kb7 58. Kxe4 Ba5 59. Kd5 Bc7 60. Nc4 Bd8 61.
Nd6+ Kb8 62. Kc6 Ba5 63. Bb6 Bb4 64. Bc7+ Ka8 65. b6 Bxd6 66. b7+ Ka7 67. b8=Q+ Ka6 68. Qb6# 1-0

[Event "Late-Titled-Tuesday-Blitz-March-05-2024"]
[Site "Chess.com"]
[Date "2024.03.05"]
[Round "4"]
[White "traack"]
[Black "BillCoe"]
[Result "1-0"]
[WhiteElo "2439"]
[BlackElo "2133"]
[TimeControl "180+1"]
[EndTime "14:40:21 PST"]
[Termination "traack won on time"]

1. e4 c5 2. Nf3 e6 3. d4 cxd4 4. Nxd4 a6 5. c4 Qc7 6. a3 Nf6 7. Nc3 Nc6 8. Nxc6 bxc6 9. Bd3 Bd6 10. h3 Be5 11. O-O O-O 12. f4 Bd4+ 13. Kh1 d6 14.
Qe2 e5 15. f5 Bb7 16. Bd2 Rab8 17. b4 Ba8 18. Rac1 Qd7 19. Rfd1 Rfd8 20. Bg5 Qe7 21. Nb1 h6 22. Bh4 d5 23. cxd5 cxd5 24. Nd2 a5 25. bxa5 Qd6 26. Bxf6 Qxf6 27. exd5 Bxd5 28. Be4 Qg5 29. Bxd5 Rxd5 30. Qg4 Rxa5 31. Nc4 Rc5 32. Qxg5 hxg5 33. Nd6 Rxc1 34. Rxc1 Ra8 35. a4 f6 36. Rc4 Kf8 37. g4 Ke7 38. Nb5 Bb6 39. Kg2 Rd8 40. Rc6 Rd2+ 41. Kf3 Ba5 42. Ke4 Ra2 43. Rc4 Rh2 44.
Kd5 Rxh3 45. Kc6 Rf3 46. Nd6 Rf4 47. Ne4 Rxg4 48. Kb5 Be1 49. a5 Bxa5 50. Kxa5 Rf4 51. Kb5 g4 52. Kc5 Rf3 53. Kd5 g3 54. Rc2 Rxf5 55. Nxg3 Rg5 56. Ne4 Rg4 57. Nc5 Rd4+ 58. Kc6 f5 59. Nb3 Rd3 60. Nc5 Re3 61. Kd5 f4 62. Ne4 f3 63. Rc7+ Kf8 64. Ke6 Kg8 65. Ng5 1-0

[Event "Late-Titled-Tuesday-Blitz-March-05-2024"]
[Site "Chess.com"]
[Date "2024.03.05"]
[Round "4"]
[White "GMG"]
[Black "XDPS"]
[Result "0-1"]
[WhiteElo "2733"]
[BlackElo "2908"]
[TimeControl "180+1"]
[EndTime "14:40:24 PST"]
[Termination "XDPS won on time"]

1. d4 d6 2. Nf3 g6 3. g3 Bg7 4.
Bg2 Nd7 5. c4 e5 6. Nc3 Ne7 7.
e4 O-O 8. O-O h6 9. Be3 Kh7 10.
Qd2 a6 11. Rfd1 Nc6 12. Nd5 Re8 13. b4 exd4 14. Nxd4 Nce5 15. Rac1 Ng4 16. Bf4 c6 17. Ne3 Ngf6 18. Qc2 Qe7 19. Ndf5 gxf5 20. Nxf5 Qf8 21. Bxd6 Qg8 22. e5 Kh8 23. exf6 Nxf6 24. Nxg7 Kxg7 25.
Re1 Qh7 26. Qc3 Bf5 27. Re7 Rxe7 28. Bxe7 Qg6 29. Rd1 Re8 30. Qe5 Be6 31. Qc5 Ng8 32. Bd6 Kh7 33. Qd4 Bf5 34. Bf4 Nf6 35. h3 Be6 36. Kh2 Bf5 37. Rd2 Be4 38. f3 Bf5 39.
g4 Bc8 40. Be5 Nd7 41. Bg3 Nf8 42. Qd3 f5 43. a4 Ne6 44. Re2 Ng7 45. Rxe8 Qxe8 46.
Qd4 Qe2 47. Be5 Ne6 48. Qd6 fxg4 49. fxg4 Qxc4 50. Qe7+ Kg6 51. Qf6+ Kh7 52. Qf5+ Kg8 53. Be4 Qe2+ 54. Kg3 Qe3+ 55. Kh4 Qg5+ 56. Qxg5+ Nxg5 57. Bd3 Nf3+ 58. Kh5 Nxe5 0-1

[Event "Late-Titled-Tuesday-Blitz-March-05-2024"]
[Site "Chess.com"]
[Date "2024.03.05"]
[Round "4"]
[White "ThaBarWa"]
[Black "igorknyazev"]
[Result "0-1"]
[WhiteElo "2373"]
[BlackElo "2217"]
[TimeControl "180+1"]
[EndTime "14:40:24 PST"]
[Termination "igorknyazev won on time"]

1. c4 Nf6 2. Nc3 e5 3. g3 Nc6 4.
Bg2 Bc5 5. d3 O-O 6. Nf3 d6 7.
O-O a5 8. Bg5 h6 9. Bxf6 Qxf6 10.
Nd2 Nd4 11. Nde4 Qg6 12. e3 Nf5 13. Nxc5 dxc5 14. Nd5 c6 15. Nb6 Rb8 16. Qd2 Be6 17.
Qxa5 Nh4 18. Qxc5 Nxg2 19. Kxg2 Qxd3 20. Rad1 Qf5 21. b3 Rbd8 22. Rd6 Qh3+ 23. Kg1 e4 24. Rfd1 Rxd6 25. Qxd6 Bg4 26. f4 Bxd1 27. Qxd1 h5 28.
c5 h4 29. gxh4 f5 30. Nc4 Rf6 31. Ne5 Qxh4 32. Qd8+ Kh7 33. Qd1 Rh6 34. Qe2 Qh5 35. Qxh5 Rxh5 36. b4 Rh3 37. Nc4 Rh6 38. Kg2 Rg6+ 39.
Kf2 Kg8 40. Ne5 Rh6 41. Kg2 Kf8 42. a4 Ke7 43. h3 Ke6 44. b5 g5 45. bxc6 bxc6 46.
Nxc6 gxf4 47. exf4 Rg6+ 48. Kf2 Rh6 49. Nd4+ Kd5 50.
Nxf5 Rf6 51. Ne3+ Kxc5 52. f5 Kd4 53. h4 Rb6 54. h5 Rb2+ 55. Kg3 Kxe3 56. h6 Kd3 57. h7 Rb8 58. Kg4 e3 59. f6 e2 0-1

[Event "Late-Titled-Tuesday-Blitz-March-05-2024"]
[Site "Chess.com"]
[Date "2024.03.05"]
[Round "4"]
[White "fandebobbyfischer"]
[Black "Ykow"]
[Result "0-1"]
[WhiteElo "2653"]
[BlackElo "2531"]
[TimeControl "180+1"]
[EndTime "14:40:25 PST"]
[Termination "Ykow won by resignation"]

1. e4 e5 2. Nf3 Nc6 3. Bb5 Nge7 4. O-O a6 5. Ba4 Ng6 6. c3 Bc5 7. d4 Ba7 8. Be3 O-O 9. Nbd2 d6 10. h3 f5 11. Bg5 Qe8 12. dxe5 h6 13. Be3 Bxe3 14. fxe3 Ngxe5 15. Nxe5 Qxe5 16. Bb3+ Kh8 17. Qh5 Bd7 18. Rae1 fxe4 19. Qxe5 Nxe5 20. Rxf8+ Rxf8 21. Nxe4 Bc6 22. Ng3 Nd3 23. Re2 a5 24. Bc2 Nc5 25. Rf2 Re8 26. Re2 b5 27. e4 Nd7 28. Nf5 Ne5 29. Nd4 Bd7 30. Kh2 g5 31. Nf3 Kg7 32.
Kg3 a4 33. Nd4 Nc4 34. Bd3 c5 35. Bxc4 bxc4 36. Nc2 Kf6 37. Ne3 Be6 38. Ng4+ Bxg4 39. Kxg4 Ke5 40. g3 Re6 41. Kh5 Rf6 42. a3 Rf3 43.
Kg4 Rd3 44. h4 gxh4 45. gxh4 Rd1 46. Kh5 Rh1 47. Kg4 Ke6 48. Kh5 Kf6 49. Rf2+ Ke5 50. Rd2 Re1 51. Kxh6 Rxe4 52. Kg5 Re1 53. Rg2 d5 54. h5 d4 55. h6 Rh1 56. Kg6 d3 57. h7 Kf4 58. Kg7 Ke3 59. Rg6 d2 60. Re6+ Kd3 61. Rd6+ Kc2 62. Rh6 Rxh6 63. Kxh6 d1=Q 0-1

[Event "Late-Titled-Tuesday-Blitz-March-05-2024"]
[Site "Chess.com"]
[Date "2024.03.05"]
[Round "4"]
[White "zano2023"]
[Black "AndresDelgado77"]
[Result "0-1"]
[WhiteElo "2105"]
[BlackElo "2292"]
[TimeControl "180+1"]
[EndTime "14:40:25 PST"]
[Termination "AndresDelgado77 won by checkmate"]

1. c4 g6 2. Nc3 Bg7 3. e4 c5 4.
Nge2 Nc6 5. g3 d6 6. Bg2 Nd4 7. O-O h5 8. d3 h4 9. Rb1 hxg3 10. hxg3 Bh3 11. b4 Qd7 12. Nf4 Bxg2 13. Kxg2 g5 14. Rh1 gxf4 15. Bxf4 Ne6 16. Nd5 Nxf4+ 17.
Nxf4 b6 18. bxc5 dxc5 19. Rxh8 Bxh8 20. Qh5 Bg7 21. Qh7 Kf8 22. Nd5 e6 23. Nf4 Nf6 24. Qh4 e5 25. Nd5 Qg4 26. Qxg4 Nxg4 27. Rh1 Nf6 28.
f4 Nxd5 29. cxd5 exf4 30. gxf4 Ke7 31. Kf3 Rh8 32. Rg1 Bd4 33. Rg3 Rh2 34. e5 Rxa2 35.
d6+ Ke6 36. Rg5 Rf2+ 37. Ke4 f5+ 38. exf6 Bxf6 39. Rg6 a5 40. d7 Kxd7 41. Rxf6 Rb2 42. Rf7+ Ke6 43. Ra7 Rb4+ 44. Ke3 a4 45. Kd2 b5 46.
Ke3 Rb3 47. Ra6+ Kf5 48. Rc6 a3 49. Rxc5+ Kf6 50. Rc1 a2 51. Ra1 Rb2 52. Kd4 b4 53. Kc4 b3 54. Kc3 Rb1 55. Rxa2 bxa2 56. Kd4 a1=Q+ 57.
Ke4 Qa4+ 58. d4 Rd1 59. f5 Qxd4+ 60. Kf3 Rf1+ 61. Kg2 Qd2+ 62. Kh3 Kxf5 63. Kh4 Kf4 64. Kh5 Rh1+ 65. Kg6 Qd6+ 66. Kf7 Rh7+ 67. Kg8 Qg6+ 68. Kf8 Qf7# 0-1

[Event "Late-Titled-Tuesday-Blitz-March-05-2024"]
[Site "Chess.com"]
[Date "2024.03.05"]
[Round "4"]
[White "Jospem"]
[Black "NovakCabarkapa"]
[Result "1-0"]
[WhiteElo "3103"]
[BlackElo "2819"]
[TimeControl "180+1"]
[EndTime "14:40:27 PST"]
[Termination "Jospem won by resignation"]

1. e4 e6 2. d4 d5 3. exd5 exd5 4.
Nf3 Bd6 5. h3 Nf6 6. c4 O-O 7.
c5 Re8+ 8. Be2 Bf8 9. O-O b6 10.
cxb6 axb6 11. Nc3 Ne4 12. Bb5 c6 13. Bd3 Ba6 14. Re1 Nxc3 15. Rxe8 Qxe8 16. bxc3 Bxd3 17. Qxd3 Qe4 18. Qd1 Nd7 19. Be3 b5 20. a4 bxa4 21. Rxa4 Rb8 22. Ra1 h6 23. Qa4 Qg6 24. Bf4 Rb1+ 25.
Rxb1 Qxb1+ 26. Kh2 Qb7 27. g3 c5 28. dxc5 Nxc5 29.
Qe8 Ne4 30. Be3 Nd6 31. Qe5 Nc4 32. Qd4 g6 33. Qd3 Bg7 34. Bd4 Qb2 35. Kg2 Qb7 36.
Nh2 Bxd4 37. Qxd4 h5 38. Nf3 Nd6 39. Qe5 Nf5 40. g4 Ng7 41. Nd4 Qd7 42. f3 hxg4 43. hxg4 Ne6 44. Ne2 Qc7 45. Qxd5 Qe7 46. Qe5 Qd7 47.
Qe3 Qd5 48. Nf4 Qa2+ 49. Kg3 Ng7 50. Qd4 Qa8 51. Nd5 Qb8+ 52. Qf4 Qd8 53. Nf6+ Kf8 54. Qe5 Qe7 55. Qb8+ Ne8 56. Nxe8 Qe1+ 57. Kg2 Qe2+ 58. Kg3 Qe1+ 59. Kf4 Qd2+ 60. Ke4 Qe2+ 61. Kd4 Qf2+ 62. Kc4 Qa2+ 63. Kd3 Qb1+ 64. Qxb1 1-0

[Event "Late-Titled-Tuesday-Blitz-March-05-2024"]
[Site "Chess.com"]
[Date "2024.03.05"]
[Round "4"]
[White "Genghis_K"]
[Black "Rud_2008"]
[Result "0-1"]
[WhiteElo "2933"]
[BlackElo "2764"]
[TimeControl "180+1"]
[EndTime "14:40:28 PST"]
[Termination "Rud_2008 won by resignation"]

1. e4 e5 2. Nf3 Nc6 3. d4 exd4 4.
Nxd4 Bc5 5. Nb3 Bb6 6. Nc3 Nf6 7. Qe2 a5 8. Be3 Bxe3 9. Qxe3 a4 10. Nd4 Nxd4 11. Qxd4 a3 12. b3 d6 13. O-O-O Qe7 14. Bb5+ c6 15. Nd5 Nxd5 16. exd5 O-O 17. dxc6 Qg5+ 18.
f4 Qxb5 19. cxb7 Bxb7 20. Qxd6 Rfc8 21. Rhe1 Qf5 22. Rd2 h6 23. Re7 Ra6 24. Qe5 Qxe5 25. Rxe5 Re6 26. Rxe6 fxe6 27. c4 Be4 28. Re2 Bf5 29. Kd2 Rd8+ 30. Kc3 Kf7 31. g3 Ke7 32. Kb4 Ra8 33. Kc3 Kd6 34. b4 Kc6 35. Rd2 g5 36.
fxg5 hxg5 37. Re2 Rd8 38. b5+ Kb6 39. Kb4 Rd4 40. h4 gxh4 41. gxh4 Rxh4 42. Rd2 Kc7 43. Rd1 e5 44. Rd5 Re4 45. Kxa3 Be6 46. Rc5+ Kb7 47. Rc6 Bxc4 48. Rc5 Kb6 49. Rc6+ Kxb5 50. Rc8 Re3+ 51. Kb2 e4 52. Rb8+ Kc5 53. Kc2 Bb5 54. Kd2 Ra3 55.
Rc8+ Bc6 56. Ke2 Rxa2+ 57. Ke3 Ra3+ 58. Kf4 Rf3+ 59. Kg4 Rd3 60. Kf4 e3 61. Rb8 e2 62.
Re8 Bxe8 0-1

[Event "Late-Titled-Tuesday-Blitz-March-05-2024"]
[Site "Chess.com"]
[Date "2024.03.05"]
[Round "4"]
[White "jinbojinbo"]
[Black "the_blue_pill"]
[Result "1-0"]
[WhiteElo "2640"]
[BlackElo "2419"]
[TimeControl "180+1"]
[EndTime "14:40:30 PST"]
[Termination "jinbojinbo won by resignation"]

1. Nf3 d5 2. e3 Nf6 3. c4 e6 4.
b3 c5 5. Bb2 Nc6 6. cxd5 exd5 7. Bb5 Bd6 8. O-O O-O 9. d4 cxd4 10. Nxd4 Qc7 11. h3 Ne4 12. Nd2 Nxd4 13. Bxd4 Nc3 14. Bxc3 Qxc3 15. Nf3 Be6 16. Rc1 Qa5 17. a4 Rac8 18. Bd3 Qb4 19. Nd4 Be5 20. Bxh7+ Kxh7 21. Qh5+ Kg8 22. Qxe5 Qb6 23. h4 a6 24. h5 Rfe8 25. Qg5 Qd6 26. h6 Qf8 27. hxg7 Qxg7 28. Qf4 Qg6 29.
Rfd1 Kg7 30. Rxc8 Rxc8 31. Qe5+ Qf6 32. Qxf6+ Kxf6 33. f3 Rc3 34. Kf2 Kg7 35. g4 Kf6 36. Rd2 Ke5 37. Rc2 Rxc2+ 38. Nxc2 d4 39. Nxd4 Bd5 40.
Ke2 a5 41. Kd3 b6 42. f4+ Kd6 43. e4 Bb7 44. Nf5+ Kc5 45. Nd4 Ba6+ 46. Ke3 Kb4 47. e5 Bb7 48. f5 Bd5 49. g5 Kc5 50. e6 fxe6 51. Nxe6+ Kd6 52. Nd4 Ke5 53. f6 Bf7 54.
Nf3+ Kf5 55. Kd4 Bxb3 56. Kc3 Bd5 57. Kd4 Bxf3 58. f7 Kxg5 59. f8=Q Bg4 60. Qg8+ 1-0

[Event "Late-Titled-Tuesday-Blitz-March-05-2024"]
[Site "Chess.com"]
[Date "2024.03.05"]
[Round "4"]
[White "Rodalquilar"]
[Black "Abduzhaparov"]
[Result "0-1"]
[WhiteElo "2775"]
[BlackElo "2451"]
[TimeControl "180+1"]
[EndTime "14:40:34 PST"]
[Termination "Abduzhaparov won on time"]

1. d4 d6 2. e4 Nf6 3. Nc3 e5 4. Nf3 exd4 5. Nxd4 Be7 6. g3 O-O 7. Bg2 Re8 8. O-O Bf8 9. h3 Nbd7 10. Re1 Nc5 11. b3 a5 12. a4 c6 13. Bb2 Qb6 14. Qd2 Bd7 15. Rad1 Rad8 16. Kh2 Bc8 17. Qc1 g6 18. f3 Bg7 19. Nde2 Ne6 20. Qa1 Nh5 21. Rf1 Qe3 22. Bc1 Qb6 23. Bb2 Qe3 24. Qc1 Qb6 25.
Nb1 Nc5 26. Bxg7 Nxg7 27. Nf4 Nce6 28. Nd3 d5 29. e5 Nf5 30. Rde1 Nc5 31. Nf4 Qc7 32.
Qa3 b6 33. b4 axb4 34. Qxb4 h5 35. a5 h4 36. axb6 hxg3+ 37. Kh1 Qe7 38. Nd2 Ba6 39. Rg1 Ne4 40. Rxe4 dxe4 41. Qxe7 Rxe7 42.
Nxe4 Rxe5 43. Ra1 Ra8 44. Bf1 Bb7 45. Rxa8+ Bxa8 46. Nf6+ Kg7 47. Ng4 Ra5 48. Kg1 Ra1 49. c4 c5 50. Nd3 Bxf3 51. Nxc5 g2 52. Nh2 gxf1=Q+ 53. Nxf1 Bc6 54. Kf2 Rb1 55. b7 Bxb7 56. Nd2 Rb2 57. Ke1 Bc6 58. Nd3 Ra2 59. Ne5 Ra1+ 60.
Ke2 Bb7 61. c5 Ba6+ 62. Kf3 Ra3+ 63. Kf4 Rxh3 64. c6 Rh2 65. Ndf3 Rc2 66. Ke4 Bb5 67.
Ne1 Rxc6 0-1

[Event "Late-Titled-Tuesday-Blitz-March-05-2024"]
[Site "Chess.com"]
[Date "2024.03.05"]
[Round "4"]
[White "Rutricks"]
[Black "kleinebeer98"]
[Result "0-1"]
[WhiteElo "2714"]
[BlackElo "2889"]
[TimeControl "180+1"]
[EndTime "14:40:40 PST"]
[Termination "kleinebeer98 won on time"]

1. Nc3 c6 2. e4 d5 3. Nf3 dxe4 4. Nxe4 Bf5 5. Ng3 Bg6 6. h3 Nf6 7. Bc4 e6 8. O-O Bd6 9. d4 Nbd7 10. c3 Qc7 11. Ne2 O-O 12. Bd3 Bh5 13. Ng5 e5 14. Qc2 h6 15. Nh7 Bxe2 16. Nxf6+ Nxf6 17. Qxe2 exd4 18. cxd4 Bf4 19. Be3 Rfe8 20. Qf3 Nd5 21. Be4 Bxe3 22. fxe3 Rad8 23. Rae1 Nf6 24. Bc2 c5 25.
Rc1 Qe7 26. dxc5 Qxe3+ 27. Qxe3 Rxe3 28. Rce1 Rxe1 29. Rxe1 Rd7 30. Ba4 Rc7 31. b4 g5 32. Bb3 Kg7 33. Rd1 Ne4 34. Rd8 a5 35. a3 axb4 36. axb4 h5 37. Bd5 Nc3 38. Bf3 h4 39.
Rb8 Na2 40. b5 Rxc5 41. b6 Nc3 42. Bxb7 Rb5 43. Bc6 Rb1+ 44. Kf2 Rb2+ 45. Kf3 Ne2 46. Ke3 Ng3 47. b7 Nf5+ 48. Kd3 Nd6 49. Kd4 Kf6 50. Kd5 Ke7 51. Kc5 f5 52. Rh8 Nxb7+ 53. Bxb7 Kf6 54.
Bf3 g4 55. hxg4 fxg4 56. Bxg4 Rxg2 57. Bc8 Rc2+ 58. Kd4 Kg5 59. Be6 Rc6 60. Ke5 Rc5+ 61. Bd5 Kg4 62. Rg8+ Kh3 63. Kd4 Rc1 64. Ke3 Re1+ 65.
Kf2 Re5 66. Rg1 Rxd5 67. Rh1+ Kg4 68. Rg1+ Kf4 69. Rh1 Rd2+ 70. Kg1 Kg3 0-1

[Event "Late-Titled-Tuesday-Blitz-March-05-2024"]
[Site "Chess.com"]
[Date "2024.03.05"]
[Round "4"]
[White "alexrustemov"]
[Black "LiemLe"]
[Result "1/2-1/2"]
[WhiteElo "2808"]
[BlackElo "3051"]
[TimeControl "180+1"]
[EndTime "14:40:46 PST"]
[Termination "Game drawn by repetition"]

1. d4 Nf6 2. c4 e6 3. Nf3 d5 4. Nc3 Be7 5. Bg5 h6 6. Bxf6 Bxf6 7. e3 O-O 8. Rc1 c6 9. Bd3 Nd7 10. O-O Qe7 11. Qc2 g6 12. Rfd1 Bg7 13. h3 Rd8 14. a3 a5 15. Qe2 dxc4 16. Bxc4 b6 17.
e4 Bb7 18. e5 Rab8 19. Re1 b5 20. Bd3 c5 21. Nxb5 Bxf3 22. Qxf3 cxd4 23. Nxd4 Nxe5 24.
Rxe5 Bxe5 25. Nc6 Qc7 26. Rc2 Rxb2 27. Rxb2 Bxb2 28. Nxd8 Qxd8 29. a4 Qc7 30. g3 Kg7 31. Bb5 h5 32. h4 Bd4 33. Kg2 Qc2 34. Qe2 Qc5 35. Qf3 Qd6 36. Be8 Qe7 37. Bb5 e5 38. Qd5 Qf6 39. Qf3 Qe6 40. Bc6 Qe7 41. Qd5 Qf6 42. Qf3 Qe7 43. Bd5 f5 44. Qb3 Qb4 45.
Qxb4 axb4 46. a5 e4 47. a6 Kf6 48. Kf1 Ke5 49. Bf7 Kf6 50. Bb3 g5 51. hxg5+ Kxg5 52. Kg2 h4 53. gxh4+ Kxh4 54. f3 e3 55. Kf1 Kg3 56. Ke2 f4 57. Be6 Bb6 58. Bd5 Kh4 59. Kd3 Kg5 60. Bb3 Kf5 61. Bd1 Ke5 62.
Kc4 Ba7 63. Kxb4 Kd4 64. Be2 Bb8 65. Kb3 Ba7 66. Kc2 Bc5 67. Kd1 Ba7 68. Ke1 Kc3 69. Kd1 Kb2 70. Bd3 Bc5 71. Ke2 Kc3 72. Be4 Ba7 73. Bb7 Kd4 74. Bc8 Bb6 75. Bb7 Ba7 76. Bc8 Bb6 77. Bb7 Ba7 1/2-1/2

[Event "Late-Titled-Tuesday-Blitz-March-05-2024"]
[Site "Chess.com"]
[Date "2024.03.05"]
[Round "4"]
[White "BilicVladimir"]
[Black "Heydarli77"]
[Result "1-0"]
[WhiteElo "2635"]
[BlackElo "2387"]
[TimeControl "180+1"]
[EndTime "14:40:46 PST"]
[Termination "BilicVladimir won on time"]

1. e4 c5 2. Nf3 e6 3. b3 Nf6 4. e5 Nd5 5. Bb2 Be7 6. g3 O-O 7.
Bg2 Nc6 8. O-O b6 9. d4 Bb7 10. dxc5 Bxc5 11. c4 Nc7 12. Nc3 d5 13. cxd5 exd5 14.
a3 Be7 15. Ne2 Ne6 16. Re1 Qd7 17. Ned4 Rfd8 18. Nxc6 Bxc6 19. Nd4 Bb7 20. f4 Bc5 21.
Kh1 Nxd4 22. Bxd4 Qb5 23. b4 Bxd4 24. Qxd4 Rac8 25. Rac1 Qd7 26. Red1 Rxc1 27. Rxc1 g6 28. h3 Rc8 29. Rd1 Rd8 30. Kh2 Qe6 31. g4 Qe7 32. f5 Re8 33. Re1 Rd8 34. e6 fxe6 35. fxe6 Qd6+ 36. Kg1 Re8 37. Qf6 Rf8 38. Qg5 Re8 39.
e7 Kf7 40. Qh6 Kg8 41. Qh4 Kg7 42. Bf3 Qf6 43. Qxf6+ Kxf6 44. Rc1 Rxe7 45. Kf2 Rd7 46. Rd1 Ke5 47. Re1+ Kd6 48. g5 Rf7 49. Kg3 Re7 50. Rd1 Re5 51. h4 Re3 52. Kf4 Rxa3 53. Re1 Bc6 54. Bg4 Bd7 55. Bxd7 Kxd7 56. Ke5 Rb3 57. Kf6 Rxb4 58. Re7+ Kd6 59. Rxh7 a5 60. Kxg6 a4 61. Rh8 Rg4 62. h5 a3 63. Ra8 Rg3 64. h6 b5 65. h7 Rh3 66. Kf5 b4 67. g6 b3 68. g7 b2 69. Rb8 a2 70. Rxb2 a1=Q 71. g8=Q Qf1+ 72. Rf2 Qxf2+ 73. Kg6 1-0